 Dungeon Crawl Stone Soup version 0.30.1-11-g7821555f0a (webtiles) character file.

Game seed: 5982695353575905463

420 KittyFluff the Covered (level 6, -5/39 HPs)
             Began as a Gargoyle Berserker on Oct 30, 2023.
             Was a Priest of Trog.
             Shot with an arrow by a centaur (8 damage)
             ... on level 5 of the Dungeon.
             The game lasted 00:15:24 (3382 turns).

KittyFluff the Covered (Gargoyle Berserker)         Turns: 3382, Time: 00:15:25

Health: -5/39      AC:  9    Str: 23    XL:     6   Next: 94%
Magic:  0/6        EV: 12    Int:  7    God:    Trog [***...]
Gold:   78         SH:  0    Dex: 15    Spells: 5/5 levels left

rFire   . . .        n - +0 quarterstaff
rCold   . . .        (shield currently unavailable)
rNeg    + . .        o - +0 leather armour
rPois   ∞            p - +0 helmet
rElec   +            (no cloak)
rCorr   .            (no gloves)
SInv    .            (no boots)
Will    .....        q - amulet of guardian spirit
Stlth   +            d - +6 ring of dexterity
HPRegen 0.26/turn    (no ring)
MPRegen 0.10/turn

%: guardian spirit
@: no status effects
A: sickness immunity, AC +4, negative energy resistance 1, electricity
resistance, torment resistance 1, petrification resistance
a: Renounce Religion, Berserk, Trog's Hand


You were on level 5 of the Dungeon.
You worshipped Trog.
Trog was most pleased with you.
You visited 1 branch of the dungeon, and saw 5 of its levels.

You collected 266 gold pieces.
You spent 188 gold pieces at shops.

Inventory:

Hand Weapons
 a - a +0 mace
 c - a +0 sling
 n - a +0 quarterstaff (weapon)
Missiles
 e - 11 boomerangs (quivered)
Armour
 o - a +0 leather armour (worn)
 p - a +0 helmet (worn)
 v - a +0 plate armour of cold resistance
Jewellery
 d - a +6 ring of dexterity (left hand)
 q - an amulet of guardian spirit (around neck)
 r - the ring of the Lily {rElec rPois Str-5 Dex+3 Stlth+}
   (You found it on level 3 of the Dungeon)

   [ring of poison resistance]

   Str:       It affects your strength (-5).
   Dex:       It affects your dexterity (+3).
   rElec:     It insulates you from electricity.
   rPois:     It protects you from poison.
   Stlth:     It makes you more stealthy.
Wands
 k - a wand of roots (9)
 t - a wand of charming (8)
Scrolls
 b - a scroll of enchant weapon {unknown}
 f - a scroll of blinking {unknown}
 g - a scroll of vulnerability
 i - 2 scrolls of magic mapping
 j - 2 scrolls of immolation
 l - a scroll of fog
 m - 2 scrolls of teleportation
 s - a scroll of butterflies
Potions
 h - a potion of ambrosia
 u - a potion of heal wounds
 w - a potion of resistance {unknown}
 x - 2 potions of curing


   Skills:
 + Level 4.4 Fighting
 + Level 4.6(4.8) Maces & Flails
 * Level 1.9(3.5) Staves
 * Level 4.7 Armour
 + Level 2.7 Dodging


You had 5 spell levels left.
You didn't know any spells.
Your spell library was empty.

Dungeon Overview and Level Annotations

Branches:
Dungeon (5/15)
 Temple: D:4-7

Altars:
Fedhas
Ru
Uskayaw

Shops:
D:3 ?


Innate Abilities, Weirdness & Mutations

You are immune to sickness and miasma.
Your stone body is resilient. (AC +4)
You are immune to poison.
You resist negative energy. (rN+)
You are resistant to electric shocks. (rElec)
You are resistant to unholy torment.
You are immune to petrification.


Message History

You closely miss the adder.
The adder is almost dead.
The adder bites you but does no damage.
You hit the adder.
You kill the adder!
Trog accepts your kill.
Found a stone staircase leading down.
Found a quarterstaff.
Found a stone staircase leading up.
Found a sacrificial altar of Ru.
Found 2 potions of curing.
There is a sacrificial altar of Ru here.
x - 2 potions of curing
There is a sacrificial altar of Ru here.
There is a sacrificial altar of Ru here.
There is a stone staircase leading down here.
You climb downwards.
You hear the sound of rushing water.
There is an entrance to a sewer on this level.
Hurry and find it before the portal rusts away!
There is a stone staircase leading up here.
Found 11 gold pieces.
A centaur comes into view.
Found a blossoming altar of Fedhas.
The centaur wields a +0 shortbow.
The centaur shoots an arrow.
The arrow hits you!
The centaur shoots an arrow.
The arrow hits you.
The centaur shoots an arrow.
The arrow hits you!
The centaur wields a +0 shortbow.
The centaur shoots an arrow.
The arrow hits you.
The centaur shoots an arrow.
The arrow closely misses you.
The centaur shoots an arrow.
The arrow hits you but does no damage.
You see here 11 gold pieces.
You now have 78 gold pieces (gained 11).
The centaur shoots an arrow.
The arrow hits you!
* * * LOW HITPOINT WARNING * * *
The centaur shoots an arrow.
The arrow barely misses you.
The centaur shoots an arrow.
The arrow hits you but does no damage.
The centaur shoots an arrow.
The arrow hits you!
* * * LOW HITPOINT WARNING * * *
The centaur shoots an arrow.
The arrow hits you!
You die...

#.# #.# #.# #.#
#.# #.# #####.#
#.# ##...#.# #.#
##..#...# #.#
#...PPP.# ###.##
#..PP..@#
##...#####.PPcPP.#
...........PPP.P.#
##...###....PPPP.#
###.## #.#.......#
#.# #.....#...#
#.# ###########
#.# #.#


You could see a centaur.

Vanquished Creatures
  Sigmund (D:2)
  A hound (D:4)
  A sleepcap (D:3)
  Terence (D:3)
  Ijyb (D:3)
  An orc wizard (D:4)
  Robin (D:3)
  2 adders
  A worm (D:2)
  3 dart slugs
  9 orcs
  6 endoplasms
  3 giant cockroaches
  16 goblins
  5 hobgoblins
  6 kobolds
  2 quokkas
  7 ball pythons (D:2)
  6 bats
  6 frilled lizards
  6 rats
85 creatures vanquished.

Notes
Turn   | Place    | Note
-------+----------+-------------------------------------------
     0 | D:1      | KittyFluff the Gargoyle Berserker began the quest for the
                  | Orb.
     0 | D:1      | Reached XP level 1. HP: 14/14 MP: 1/1
   130 | D:1      | Reached XP level 2. HP: 15/19 MP: 2/2
   722 | D:2      | Reached ** piety under Trog
   730 | D:2      | Reached XP level 3. HP: 5/23 MP: 3/3
   932 | D:2      | Noticed Sigmund
   941 | D:2      | Killed Sigmund
   942 | D:2      | Reached XP level 4. HP: 12/29 MP: 4/4
   942 | D:2      | Reached XP level 5. HP: 13/33 MP: 5/5
  1544 | D:3      | Found Ferghij's Magic Scroll Shop.
  1681 | D:3      | Found a hide-covered altar of Uskayaw.
  1821 | D:3      | Reached XP level 6. HP: 30/38 MP: 6/6
  1837 | D:3      | Noticed Terence
  1852 | D:3      | Killed Terence
  1853 | D:3      | Reached skill level 1 in Staves
  1997 | D:3      | Noticed Robin
  2044 | D:3      | Killed Robin
  2092 | D:3      | Identified the ring of the Lily {rElec rPois Str-5 Dex+3
                  | Stlth+}
  2267 | D:3      | Noticed Ijyb
  2289 | D:3      | Killed Ijyb
  2590 | D:3      | Bought a scroll of magic mapping for 97 gold pieces
  2590 | D:3      | Bought a scroll of identify for 26 gold pieces
  2590 | D:3      | Bought a scroll of identify for 26 gold pieces
  2590 | D:3      | Bought a scroll of teleportation for 39 gold pieces
  2914 | D:4      | Reached *** piety under Trog
  3203 | D:4      | Found a sacrificial altar of Ru.
  3358 | D:5      | Entered Level 5 of the Dungeon
  3372 | D:5      | Found a blossoming altar of Fedhas.
  3382 | D:5      | Shot with an arrow by a centaur

Illustrated notes

Levels and vault maps discovered:
D:1:      dpeg_arrival_solitude, layout_loops_ring
D:2:      layout_loops_cross, st_stairs_11, grunt_decor_mini_mirrors,
          minivault_27, minmay_octomino_j4, uniq_sigmund
D:3:      layout_basic, mainiacjoe_overflow_chevrons, serial_shops,
          nicolae_shop_peninsula, minmay_misc_feat_nine_boxes, uniq_terence,
          uniq_ijyb, uniq_robin
D:4:      layout_loops_cross, nicolae_ru_sacrificial_ziggurat,
          nrook_loot_triangle
D:5:      layout_loops_ring, fedhas_bush_and_centaur_altar, trog_butcher_becter,
          tgw_sif, minmay_temple_entry_offerings, portal_sewer_entry_b,
          grunt_ministairs_2

Skill      XL: |  1  2  3  4  5  6 |
---------------+-------------------+-----
Fighting       | 4 |  4.4
Maces & Flails | 4 |  4.6
Armour         | 4 |  4.7
Dodging        | 2 |  2.7
Staves         | 1 |  1.9

Action                     |  1- 3 |  4- 6 || total
---------------------------+-------+-------++-------
  Melee: Mace              |    67 |    28 ||    95
         Quarterstaff      |       |   159 ||   159
         Punch             |       |     1 ||     1
 Invoke: Berserk           |     1 |       ||     1
    Use: Scroll            |       |     6 ||     6
   Stab: Sleeping          |       |     1 ||     1
 Armour: Animal skin       |    25 |    25 ||    50
         Leather armour    |       |    57 ||    57
  Dodge: Dodged            |    30 |   120 ||   150
